 Dungeon Crawl Stone Soup version 0.29.1-15-g9cfb28693d (webtiles) character file.

Game seed: 6695689359428826188

1407 wextippler1 the Covert (level 8, -6/39 HPs)
             Began as a Spriggan Enchanter on Apr 11, 2023.
             Was a Follower of Vehumet.
             Mangled by a troll (12 damage)
             ... on level 5 of the Dungeon.
             The game lasted 00:28:30 (7398 turns).

wextippler1 the Covert (Spriggan Enchanter)         Turns: 7398, Time: 00:28:30

Health: -6/39      AC:  4    Str:  4    XL:     8   Next: 42%
Magic:  11/18      EV: 17    Int: 20    God:    Vehumet [*.....]
Gold:   363        SH:  5    Dex: 18    Spells: 5/19 levels left

rFire   . . .      SeeInvis +   y - +0 dagger (protect)
rCold   . . .      Faith    .   (no shield)
rNeg    . . .      Spirit   .   n - +1 robe of the Tangerine {Int+4}
rPois   .          Reflect  +   (helmet restricted)
rElec   .          Harm     .   h - +0 cloak
rCorr   .          Rampage  .   (gloves unavailable)
Will    +....                   (boots unavailable)
Stlth   ++++......              E - amulet of reflection
HPRegen 0.13/turn               x - ring of flight
MPRegen 0.16/turn               (no ring)

@: confusing by touch, flying, very quick
A: very small, no large weapons, unfitting armour, see invisible, speed 3
a: Renounce Religion


You were on level 5 of the Dungeon.
You worshipped Vehumet.
Vehumet was aware of your devotion.
You visited 2 branches of the dungeon, and saw 7 of its levels.
You also visited: Ossuary.

You collected 363 gold pieces.

Inventory:

Hand Weapons
 r - a +0 sling
 y - a +0 dagger of protection (weapon)
 I - a +2 dagger of pain
Missiles
 e - 6 poisoned darts (quivered)
 i - 43 stones
 l - 3 boomerangs
Armour
 h - a +0 cloak (worn)
 n - the +1 robe of the Tangerine (worn) {Int+4}
   (You found it on level 2 of the Dungeon)

   Int:       It affects your intelligence (+4).
Magical Staves
 j - a staff of air
 t - a staff of death
Jewellery
 x - a ring of flight (left hand)
 E - an amulet of reflection (around neck)
Wands
 b - a wand of mindburst (4)
 H - a wand of paralysis (12)
 K - a wand of iceblast (13)
Scrolls
 d - a scroll of silence {unknown}
 g - a scroll of poison {unknown}
 m - a scroll of brand weapon {unknown}
 o - 4 scrolls of amnesia
 q - a scroll of enchant weapon {unknown}
 s - a scroll of magic mapping {unknown}
 B - 2 scrolls of enchant armour {unknown}
 C - 4 scrolls of teleportation
 G - 2 scrolls of fear {unknown}
Potions
 c - 5 potions of invisibility
 k - 3 potions of brilliance
 u - 3 potions of heal wounds
 v - 2 potions of flight
 z - a potion of haste
 A - a potion of might
 D - 3 potions of curing
 J - 2 potions of cancellation


   Skills:
 + Level 2.2 Fighting
 + Level 5.7 Short Blades
 - Level 2.6 Dodging
 + Level 9.3 Stealth
 + Level 6.2 Spellcasting
 - Level 5.0 Hexes
 + Level 4.9 Translocations


You had 5 spell levels left.
You knew the following spells:

 Your Spells              Type           Power      Damage    Failure   Level
a - Ensorcelled Hibernat  Hex/Ice        32%        N/A       5%          2
b - Dazzling Flash        Conj/Hex       32%        N/A       11%         3
c - Tukima's Dance        Hex            26%        N/A       3%          3
d - Portal Projectile     Hex/Tloc       52%        N/A       4%          3
e - Confusing Touch       Hex            26%        N/A       3%          3

Your spell library contained the following spells:

 Spells                   Type           Power      Damage    Failure   Level
 Freeze                   Ice            24%        1d5       11%         1
 Gell's Gravitas          Tloc           25%        N/A       4%          3
 Lesser Beckoning         Tloc           25%        N/A       4%          3
 Teleport Other           Tloc           25%        N/A       4%          3
 Passwall                 Tmut/Erth      5%         N/A       16%         2
 Call Canine Familiar     Summ           6%         N/A       30%         3
 Swiftness                Air            6%         N/A       30%         3
 Anguish                  Hex/Necr       8%         N/A       34%         4
 Leda's Liquefaction      Hex/Erth       8%         N/A       34%         4
 Enfeeble                 Hex            13%        N/A       100%        7


Dungeon Overview and Level Annotations

Branches:
Dungeon (6/15)             Temple (1/1) D:6         Ossuary (visited)

Altars:
Ashenzari
Cheibriados
Dithmenos
Elyvilon
Fedhas
Gozag
Hepliaklqana
Makhleb
Nemelex Xobeh
Okawaru
Qazlal
Ru
Sif Muna
Trog
Uskayaw
Vehumet
Wu Jian
Xom
Yredelemnul
Zin
The Shining One

Annotations:
Temple 2 transporters


Innate Abilities, Weirdness & Mutations

You are very small and have problems with some larger weapons.
You are too small for most types of armour.
You have supernaturally acute eyesight. (SInv)
You cover ground extremely quickly. (Speed+++)


Message History

Casting: Ensorcelled Hibernation (safe; 5% risk of failure)
Confirm with . or Enter, or press ? or * to list all spells.
Aiming: Ensorcelled Hibernation (safe; 5% risk of failure)
Press: ? - help, Shift-Dir - straight line, f/p - gnoll
Aim: a gnoll, wielding a +0 flail (chance to affect: 58%)
You miscast Ensorcelled Hibernation.
You are very lightly contaminated with residual magic.
Nothing appears to happen.
Casting: Ensorcelled Hibernation (safe; 5% risk of failure)
Confirm with . or Enter, or press ? or * to list all spells.
Aiming: Ensorcelled Hibernation (safe; 5% risk of failure)
Press: ? - help, Shift-Dir - straight line, f/p - gnoll
Aim: a gnoll, wielding a +0 flail (chance to affect: 58%)
The troll is unaffected.
Your magical contamination has completely faded away.
There is a stone staircase leading down here.
Casting: Ensorcelled Hibernation (safe; 5% risk of failure)
Confirm with . or Enter, or press ? or * to list all spells.
Okay, then.
This spell is dangerous to cast!
Memorise Confusing Touch, consuming 3 spell levels and leaving 5?
You start memorising the spell.
You continue memorising. x3
You finish memorising.
Spell assigned to 'e'.
Casting: Ensorcelled Hibernation (safe; 5% risk of failure)
Confirm with . or Enter, or press ? or * to list all spells.
Okay, then.
Casting: Ensorcelled Hibernation (safe; 5% risk of failure)
Confirm with . or Enter, or press ? or * to list all spells.
Your hands begin to glow red.
You closely miss the troll. The troll completely misses you.
The troll claws you. You block the troll's attack.
You hit the troll but do no damage. The troll misses you.
You block the troll's attack. The troll claws you!
You completely miss the troll. You hit the troll but do no damage.
The troll bites you!
* * * LOW HITPOINT WARNING * * *
The troll claws you.
* * * LOW HITPOINT WARNING * * *
The troll claws you!
You die...

#.##.# #.###.# ##.##
#T##.# #.# #.# #...##
#.##.# #.###.# #.....
#.##.# #...>.#####...##
#.##.# ####..........#
#.##.#########.######).#
#.##.......##.#.#####..#
#.########...###......)##
#.>....T@.###.#....[)....
#########.# ##.#.####..##
#.# #.#.# #..# #.# #.#.##
#..# #.# #....# #..# #.#
##....###..# #.#
#.......#..##
##.###............
#...##.<.....#....


You could see a troll.

Vanquished Creatures
  A wyvern (D:6)
  Sigmund (D:5)
  A water moccasin (D:6)
  Pargi (D:3)
  An ogre (D:4)
  An elf zombie (Ossuary)
  A bullfrog (D:5)
  A necrophage (D:3)
  A crimson imp (D:4)
  3 hounds
  A jelly (D:5)
  An orc priest (D:5)
  Terence (D:2)
  3 iguanas
  2 orc wizards (D:5)
  A hound zombie (Ossuary)
  4 mummies (Ossuary)
  Robin (D:3)
  2 gnolls
  6 adders
  2 white imps
  An ufetubus (D:5)
  3 adder zombies (Ossuary)
  4 worms
  3 dart slugs
  4 orcs
  3 bats
  8 endoplasms
  3 giant cockroaches
  13 goblins
  6 hobgoblins
  8 jackals
  7 kobolds
  4 quokkas
  3 ball pythons
  3 frilled lizards
  A gnoll zombie (Ossuary)
  A goblin zombie (Ossuary)
  A hobgoblin zombie (Ossuary)
  2 kobold zombies (Ossuary)
  4 rats
  2 rat zombies (Ossuary)
120 creatures vanquished.

Notes
Turn   | Place    | Note
-------+----------+-------------------------------------------
     0 | D:1      | wextippler1 the Spriggan Enchanter began the quest for the
                  | Orb.
     0 | D:1      | Reached XP level 1. HP: 9/9 MP: 5/5
   178 | D:1      | You fall into a shaft and drop 1 floor!
   345 | D:1      | Reached XP level 2. HP: 13/13 MP: 6/6
   843 | D:1      | Reached skill level 5 in Stealth
  1157 | D:1      | Found a faded altar of an unknown god.
  1474 | D:1      | Learned a level 2 spell: Ensorcelled Hibernation
  1559 | D:1      | Reached XP level 3. HP: 8/16 MP: 3/8
  1877 | D:2      | Noticed Terence
  1881 | D:2      | Killed Terence
  1882 | D:2      | Reached XP level 4. HP: 21/21 MP: 5/10
  1983 | D:2      | Learned a level 3 spell: Dazzling Flash
  1987 | D:2      | Learned a level 3 spell: Tukima's Dance
  2132 | D:2      | Found a shimmering blue altar of Sif Muna.
  2188 | D:2      | Identified the +1 robe of the Tangerine {Int+4}
  2199 | D:2      | Reached skill level 6 in Stealth
  2605 | D:3      | Noticed Pargi
  2614 | D:3      | Killed Pargi
  2615 | D:3      | Reached XP level 5. HP: 22/24 MP: 6/11
  3164 | D:3      | Learned a level 3 spell: Portal Projectile
  3440 | D:3      | Noticed Robin
  3476 | D:3      | Killed Robin
  3801 | D:4      | Found a stormy altar of Qazlal.
  3811 | D:4      | Reached XP level 6. HP: 22/28 MP: 8/13
  3813 | D:4      | Reached skill level 1 in Translocations
  3815 | D:4      | Reached skill level 7 in Stealth
  4080 | D:4      | Reached skill level 5 in Spellcasting
  4080 | D:4      | Reached skill level 5 in Hexes
  4174 | D:4      | Reached XP level 7. HP: 18/32 MP: 12/15
  4634 | D:4      | Found an iron altar of Okawaru.
  4635 | D:4      | Found a radiant altar of Vehumet.
  4977 | D:4      | Became a worshipper of Vehumet
  4997 | D:5      | Entered Level 5 of the Dungeon
  5427 | D:5      | Noticed Sigmund
  5508 | D:5      | Killed Sigmund
  5509 | D:5      | Reached skill level 1 in Fighting
  5509 | D:5      | Reached skill level 8 in Stealth
  5902 | D:5      | Reached skill level 5 in Short Blades
  6318 | D:6      | Noticed a wyvern
  6322 | D:6      | Reached XP level 8. HP: 37/37 MP: 17/17
  6327 | D:6      | Reached skill level 9 in Stealth
  6382 | D:6      | Found a sand-covered staircase.
  6423 | D:6      | Found a staircase to the Ecumenical Temple.
  6460 | Ossuary  | Entered an ossuary
  6625 | Ossuary  | Reached * piety under Vehumet
  6625 | Ossuary  | Offered knowledge of Freeze by Vehumet.
  6988 | Temple   | Entered the Ecumenical Temple
  6988 | Temple   | Found a transporter.
  6988 | Temple   | Found a transporter.
  6990 | Temple   | Found a transporter.
  6990 | Temple   | Found a transporter.
  7085 | D:6      | Noticed a troll
  7391 | D:5      | Learned a level 3 spell: Confusing Touch
  7398 | D:5      | Mangled by a troll

Illustrated notes

Levels and vault maps discovered:
D:1:      scummos_arrival_simple_fountains, layout_basic,
          hellmonk_ecumenical_altar_blasted
D:2:      layout_loops_ring, basic_altar, uniq_terence
D:3:      layout_loops_cross, corexii_corridor_pit, uniq_pargi, uniq_robin
D:4:      layout_rooms, mainiacjoe_overflow_divided_tiny,
          mainiacjoe_overflow_tiny_flanked, minmay_door_square,
          minmay_fire_ice_demons
D:5:      layout_loops_ring, uniq_sigmund
D:6:      layout_rooms, minmay_temple_entry_drinking_statues,
          nicolae_ossuary_entry_false_entrances, minmay_manual_moon
Temple:   hellmonk_temple_divided_pantheon

Skill      XL: |  1  2  3  4  5  6  7  8 |
---------------+-------------------------+-----
Spellcasting   | 3 4 5 6 |  6.2
Stealth        | 5 6 7 8 9 |  9.3
Short Blades   | 2 3 4 5 |  5.7
Hexes          | 4 5 |  5.0
Translocations | 2 4 |  4.9
Fighting       | 1 2 |  2.2
Dodging        | |  2.6

Action                   |  1- 3 |  4- 6 |  7- 9 || total
-------------------------+-------+-------+-------++-------
Melee: Dagger            |   108 |   206 |   203 ||   517
       Punch             |     1 |     1 |     1 ||     3
Throw: Stone             |     3 |       |       ||     3
       Dart              |     2 |       |     1 ||     3
 Cast: Ensorcelled Hiber |     3 |    15 |    25 ||    43
       Tukima's Dance    |       |     1 |       ||     1
       Dazzling Flash    |       |       |     3 ||     3
       Confusing Touch   |       |       |     1 ||     1
Evoke: Wand              |       |       |     9 ||     9
  Use: Scroll            |       |     1 |     8 ||     9
       Potion            |       |       |     1 ||     1
 Stab: Sleeping          |     8 |    20 |    20 ||    48
       Invisible         |       |       |     1 ||     1
       Paralysed         |       |       |     1 ||     1
Armor: Robe              |    14 |    25 |    58 ||    97
Dodge: Dodged            |    58 |   123 |   174 ||   355
Block: Other             |       |       |    24 ||    24
